 Dungeon Crawl Stone Soup version 0.31-a0-1626-g5cb510d322 (webtiles) character file.

Game seed: 7549187410177083604

31581 anacleto the Metamorph (level 13, -2/171 HPs)
             Began as a Troll Shapeshifter on Jan 13, 2024.
             Was an Elder of the Shining One.
             Slain by a hellwing (11 damage)
             ... summoned by an orc high priest
             ... on level 2 of the Orcish Mines.
             The game lasted 00:48:34 (14510 turns).

anacleto the Metamorph (Troll Shapeshifter)        Turns: 14510, Time: 00:48:35

Health: -2/171     AC: 26    Str: 29    XL:     13   Next: 26%
Magic:  14/14      EV:  1    Int:  6    God:    the Shining One [****..]
Gold:   1420       SH:  7    Dex: 15    Spells: 12/12 levels left

rFire   + .          .
                       - Unarmed
rCold   . . .        (no shield)
rNeg    + + .        A - melded +2 ice dragon scales
rPois   +            (helmet currently unavailable)
rElec   .            p - melded scarf {rC+ rF+}
rCorr   .            (gloves unavailable)
SInv    .            (boots unavailable)
Will    .....        x - amulet of the acrobat
Stlth   +            l - ring of protection from fire
HPRegen 1.28/turn    I - +6 ring of dexterity
MPRegen 0.14/turn

%: acrobat
@: lethally poisoned (-2 -> -2), divinely shielded, tree-form, weakened, glowing
A: stationary, stasis, torment immunity, boosted hp, large, unfitting armour,
(claws 3), regeneration 1, (shaggy fur 1), (tough skin 1)
a: Renounce Religion, Divine Shield, Cleansing Flame


You were on level 2 of the Orcish Mines.
You worshipped the Shining One.
The Shining One was greatly pleased with you.
You were a tree.
You visited 3 branches of the dungeon, and saw 13 of its levels.
You also visited: Bailey.

You collected 1742 gold pieces.
You spent 322 gold pieces at shops.

Inventory:

Missiles
 o - 36 poisoned darts (quivered)
 C - 9 javelins
 D - a curare-tipped dart
 E - 36 boomerangs
 N - 2 atropa-tipped darts
Armour
 p - a scarf of resistance (melded)
 A - +2 ice dragon scales (melded)
Jewellery
 i - a +6 ring of intelligence
 k - a ring of wizardry
 l - a ring of protection from fire (left branch)
 x - an amulet of the acrobat (around neck)
 B - a ring of positive energy
 I - a +6 ring of dexterity (right branch)
 M - a ring of magical power
Talismans
 c - a beast talisman
 d - a flux talisman
 r - a storm talisman
 G - a serpent talisman (active)
Wands
 n - a wand of flame (18)
 q - a wand of digging (4)
 H - a wand of charming (6)
 J - a wand of polymorph (12)
 K - a wand of quicksilver (5)
Scrolls
 a - a scroll of vulnerability
 e - 2 scrolls of noise
 j - 3 scrolls of enchant weapon
 t - a scroll of torment
 P - a scroll of fog
Potions
 b - a potion of lignification
 f - 3 potions of cancellation
 g - a potion of invisibility {unknown}
 h - a potion of berserk rage
 m - 9 potions of curing
 s - a potion of resistance {unknown}
 u - 5 potions of enlightenment
 v - a potion of might {unknown}
 z - 3 potions of degeneration
 L - a potion of ambrosia {unknown}


   Skills:
 + Level 3.7 Fighting
 + Level 3.9 Throwing
 + Level 1.8 Armour
 + Level 3.9 Dodging
 + Level 5.4 Unarmed Combat
 + Level 3.7 Invocations
 * Level 18.5 Shapeshifting


You had 12 spell levels left.
You didn't know any spells.
Your spell library contained the following spells:

 Spells                   Type           Power      Damage    Failure   Level
 Summon Small Mammal      Summ           0%         N/A       45%         1
 Blink                    Tloc           0%         N/A       58%         2
 Lesser Beckoning         Tloc           0%         N/A       58%         2
 Momentum Strike          Conj/Tloc      0%         3d8       58%         2
 Call Canine Familiar     Summ           0%         N/A       83%         3
 Sigil of Binding         Hex            0%         N/A       83%         3
 Animate Armour           Summ/Erth      0%         N/A       99%         4
 Brom's Barrelling Bould  Conj/Erth      0%         2d3       99%         4
 Dimensional Bullseye     Hex/Tloc       0%         N/A       99%         4
 Summon Blazeheart Golem  Fire/Summ      0%         N/A       99%         4
 Summon Lightning Spire   Summ/Air       0%         N/A       99%         4
 Fireball                 Conj/Fire      0%         3d3       100%        5
 Iskenderun's Battlesphe  Conj           0%         2d6       100%        5
 Lee's Rapid Deconstruct  Erth           0%         3d4*      100%        5
 Conjure Ball Lightning   Conj/Air       0%         3x3d6     100%        6
 Orb of Destruction       Conj           0%         9d5       100%        7


Dungeon Overview and Level Annotations

Branches:
Dungeon (10/15)            Temple (1/1) D:4            Lair (0/5) D:8
    Orc (2/2) D:10            Elf (0/3) Orc:2        Bailey (visited)

Altars:
Ashenzari
Cheibriados
Dithmenos
Elyvilon
Fedhas
Gozag
Hepliaklqana
Kikubaaqudgha
Makhleb
Nemelex Xobeh
Okawaru
Qazlal
Ru
Sif Muna
Trog
Uskayaw
Vehumet
Wu Jian
Xom
Yredelemnul
Zin
The Shining One

Shops:
D:3 (*!:   D:7 *   Orc:2 [**

Annotations:
D:6 1 runed translucent door, Crazy Yiuf
D:9 1 runed translucent door, Strewth's ghost, journeyman MiBe
D:10 Azoth's ghost, journeyman FeSh


Innate Abilities, Weirdness & Mutations

You are a tree.
Your roots penetrate the ground, keeping you stationary.
You cannot be teleported.
You are immune to unholy pain and torment.
Your maximum health is greatly increased.
Your equipment is partially melded.
You are too large for most types of armour.
((You have claws for hands.))
Your natural rate of healing is unusually fast.
((You are covered in fur. (AC +1)))
((You have tough skin. (AC +1)))


Message History

Aim: an orc high priest, wielding a +0 short sword (moderately wounded, haloed, about 24% to evade your branches)
You barely miss the orc high priest.
The orc high priest is moderately wounded.
You feel sick. The hellwing hits you!
* * * LOW HITPOINT WARNING * * *
The hellwing hits you.
* * * LOW HITPOINT WARNING * * *
The orc high priest hits you but does no damage.
The orc high priest calls upon Beogh to heal the orc high priest.
The orc high priest is healed somewhat.
Smack: -) Branches
Press: ? - help, Dir - move target, f/p - orc high priest
Aim: an orc high priest, wielding a +0 short sword (lightly wounded, haloed, about 24% to evade your branches)
You hit the orc high priest.
The orc high priest is moderately wounded.
You feel sick.
The hellwing hits you but does no damage. x2
Smack: -) Branches
Press: ? - help, Dir - move target, f/p - orc high priest
Aim: an orc high priest, wielding a +0 short sword (moderately wounded, haloed, about 24% to evade your branches)
You smack the orc high priest!
The orc high priest is heavily wounded.
You feel sick.
The orc high priest hits you but does no damage.
The orc high priest utters an invocation to Beogh.
You block the hellwing's attack.
The hellwing hits you but does no damage.
Smack: -) Branches
Press: ? - help, Dir - move target, f/p - orc high priest
Aim: an orc high priest, wielding a +0 short sword (heavily wounded, haloed, about 24% to evade your branches)
You barely miss the orc high priest.
The orc high priest is heavily wounded.
You feel sick. You block the orc high priest's attack.
Smack: -) Branches
Press: ? - help, Dir - move target, f/p - orc high priest
Aim: an orc high priest, wielding a +0 short sword (heavily wounded, haloed, about 24% to evade your branches)
You completely miss the orc high priest.
The orc high priest is heavily wounded.
You feel sick. The hellwing hits you!
You die...

#....###..)##...##........##
##..###...##..# ##)..#....##
#.###.#)##..# ##)...#...##
####....)..# .##.....#.∩##
#.....#.## ...##..#.....# ###
##.......## #..##.....#.∩## #.##
##.#.##..###o.##...)#...###
...######...##..#o4##...#)...###.
#..##..###..o##.♣4##[.......###..
.....#..###...##)##...###[.###...
#........###...###...###[.###....
..........# #.4.#...###[)###.....
.........#####.#.#.###[)###....).
..#.......#.###...###[[###.......
##...........###.###).###.....#..
.#............#####.[###..#......
...............###..###..........


You could see 2 orc high priests, a hellwing (summoned) and a chaos spawn
(summoned).

Vanquished Creatures
  Jorgrun (Orc:2)
  A centaur warrior (D:9)
  3 two-headed ogres (D:10)
  A tengu warrior (D:8)
  2 orc high priests (Orc:2)
  3 death yaks (D:7)
  A soul eater (Orc:2)
  A skeletal warrior (D:8)
  Pikel (D:4)
  5 orc knights (Orc:2)
  An ugly thing (D:8)
  A manticore (D:9)
  9 orc sorcerers
  Joseph (D:8)
  2 trolls
  A hellwing (Orc:2)
  Grinder (D:4)
  Prince Ribbit (D:7)
  A wraith (D:9)
  5 slime creatures (D:8)
  Sigmund (D:3)
  3 shadows
  A ynoxinul (Orc:2)
  2 wyverns (D:9)
  18 yaks
  Eustachio (D:5)
  2 wargs (Orc:2)
  4 steam dragons
  Grum (D:8)
  Menkaure (D:5)
  4 acid dragons
  2 water moccasins
  3 sky beasts
  Pargi (D:4)
  A laughing skull (D:9)
  2 black bears
  32 orc warriors
  2 ice beasts (D:6)
  An ogre (shapeshifter) (D:9)
  4 wolves
  4 ogres
  8 centaurs
  2 lemures (D:4)
  Blork the orc (D:5)
  2 kobold brigands
  5 bullfrogs
  A gnoll sergeant (D:6)
  4 scorpions
  12 killer bees
  7 howler monkeys
  An electric eel (D:6)
  2 bombardier beetles
  A jelly (D:5)
  26 orc priests
  3 hounds
  3 hell rats (D:8)
  5 orc wizards
  Terence (D:3)
  A sleepcap (D:6)
  4 iguanas
  Robin (D:3)
  10 gnolls
  6 adders
  2 river rats (D:8)
  A shadow imp (D:8)
  2 ufetubi (D:6)
  2 dart slugs
  2 ribbon worms (D:3)
  57 orcs
  5 ball pythons
  7 bats
  12 endoplasms
  3 giant cockroaches
  23 goblins
  20 hobgoblins
  5 jackals
  7 quokkas
  4 frilled lizards
  28 kobolds
  10 rats
428 creatures vanquished.

Vanquished Creatures (collateral kills)
  A slime creature (D:8)
  An orc warrior (D:8)
  3 orcs (D:8)
  A kobold (D:8)
6 creatures vanquished.

Vanquished Creatures (others)
  An orc (D:8)
1 creature vanquished.

Grand Total: 435 creatures vanquished

Notes
Turn   | Place    | Note
-------+----------+-------------------------------------------
     0 | D:1      | anacleto the Troll Shapeshifter began the quest for the
                  | Orb.
     0 | D:1      | Reached XP level 1. HP: 18/18 MP: 0/0
    38 | D:1      | Reached skill level 1 in Fighting
    69 | D:1      | Reached XP level 2. HP: 27/27 MP: 1/1
   493 | D:1      | Reached XP level 3. HP: 33/33 MP: 2/2
   861 | D:2      | Identified the +12 plate armour "Yrpho" {MP+9 Dex-4 Stlth+}
   998 | D:2      | Reached skill level 1 in Invocations
  1007 | D:2      | Reached XP level 4. HP: 41/41 MP: 3/3
  1102 | D:2      | Reached skill level 1 in Throwing
  1656 | D:3      | Found Otrep's Book Shoppe.
  1658 | D:3      | Found Betaleho's Assorted Antiques.
  1661 | D:3      | Found an opulent altar of Gozag.
  1749 | D:3      | Bought a scroll labelled NEKKIVAOHIO for 23 gold pieces
  1749 | D:3      | Bought a scroll labelled DIDGHI OMOU for 23 gold pieces
  1749 | D:3      | Bought a black potion for 20 gold pieces
  1783 | D:3      | Found a shadowy altar of Dithmenos.
  1837 | D:3      | Noticed Pargi
  1838 | D:3      | Noticed Sigmund
  1864 | D:4      | Killed Pargi
  1865 | D:4      | Reached XP level 5. HP: 27/49 MP: 3/5
  1927 | D:4      | Noticed a lemure
  1927 | D:4      | Noticed a lemure
  1927 | D:4      | Noticed Pikel
  1964 | D:3      | Killed Sigmund
  1965 | D:3      | Reached skill level 4 in Shapeshifting
  1965 | D:3      | Reached XP level 6. HP: 49/57 MP: 6/6
  2099 | D:3      | Identified the +2 helmet of the Fifty Spines {MP+9 Dex+4
                  | Stlth+}
  2099 | D:3      | Noticed Robin
  2137 | D:3      | Killed Robin
  2340 | D:3      | Found Kaute's Weapon Shoppe.
  2875 | D:3      | Found Irijula's Distillery.
  2884 | D:3      | Bought a potion of curing for 42 gold pieces
  2884 | D:3      | Bought a potion of heal wounds for 70 gold pieces
  2890 | D:3      | Noticed Terence
  2892 | D:3      | Killed Terence
  3069 | D:4      | Reached XP level 7. HP: 53/66 MP: 7/7
  3140 | D:4      | Found a staircase to the Ecumenical Temple.
  3367 | D:4      | Noticed Grinder
  3368 | D:4      | Paralysed by Grinder for 3 turns
  3380 | D:4      | Killed Grinder
  3561 | D:4      | Killed Pikel
  3562 | D:4      | Reached skill level 5 in Shapeshifting
  3562 | D:4      | Reached XP level 8. HP: 65/75 MP: 7/9
  3731 | Temple   | Entered the Ecumenical Temple
  3900 | Temple   | Became a worshipper of the Shining One
  3944 | D:5      | Entered Level 5 of the Dungeon
  4094 | D:5      | Reached skill level 6 in Shapeshifting
  4222 | D:5      | Noticed Eustachio
  4234 | D:5      | Killed Eustachio
  4413 | D:5      | Reached skill level 7 in Shapeshifting
  4516 | D:5      | Noticed Blork the orc
  4523 | D:5      | Killed Blork the orc
  4578 | D:5      | Reached skill level 8 in Shapeshifting
  4633 | D:5      | Reached XP level 9. HP: 76/81 MP: 10/10
  4643 | D:5      | Identified the +4 mace "Conservator" {pain, rPois Stlth+}
  4658 | D:5      | Noticed Menkaure
  4668 | D:5      | Killed Menkaure
  5273 | D:6      | Reached skill level 9 in Shapeshifting
  5434 | D:6      | Found a runed translucent door.
  5435 | D:6      | Noticed Crazy Yiuf
  5467 | D:6      | Reached * piety under the Shining One
  5990 | D:6      | Found a white marble altar of Elyvilon.
  6520 | D:7      | Found Wyar's General Store.
  6532 | D:7      | Reached skill level 10 in Shapeshifting
  6554 | D:7      | Bought a potion of curing for 39 gold pieces
  6554 | D:7      | Bought a scroll of teleportation for 39 gold pieces
  6574 | D:7      | Noticed Prince Ribbit
  6642 | D:6      | Reached skill level 11 in Shapeshifting
  6678 | D:7      | Reached XP level 10. HP: 71/91 MP: 7/11
  6681 | D:7      | Killed Prince Ribbit
  7159 | D:7      | Found a sacrificial altar of Ru.
  7172 | D:7      | Found a sparkling altar of Nemelex Xobeh.
  7656 | D:8      | Noticed Grum
  7872 | D:8      | Noticed Joseph
  7896 | D:8      | Killed Joseph
  7897 | D:8      | Reached skill level 12 in Shapeshifting
  8178 | D:8      | Reached ** piety under the Shining One
  8364 | D:8      | Noticed a death yak
  8397 | D:7      | Killed a death yak
  8398 | D:7      | Reached skill level 13 in Shapeshifting
  8561 | D:8      | Noticed a death yak
  8577 | D:8      | Noticed a death yak
  8659 | D:7      | Killed a death yak
  8688 | D:7      | Killed a death yak
  8689 | D:7      | Reached XP level 11. HP: 82/97 MP: 12/12
  8767 | D:8      | Found a staircase to the Lair.
  8809 | D:8      | Reached skill level 14 in Shapeshifting
  9246 | D:9      | Found a flagged portal.
  9255 | Bailey   | Entered a bailey
 10048 | D:9      | Reached skill level 15 in Shapeshifting
 10541 | D:9      | Noticed an entropy weaver
 10636 | D:9      | Found a runed translucent door.
 10636 | D:9      | Found a shimmering altar of Xom.
 10636 | D:9      | Noticed Strewth's ghost (journeyman MiBe)
 10636 | D:9      | Noticed a +0 morningstar of chaos
 10643 | D:9      | Noticed a centaur warrior
 10653 | D:9      | Killed a centaur warrior
 10654 | D:9      | Reached skill level 16 in Shapeshifting
 10718 | D:9      | Noticed a seven-headed hydra
 10787 | D:9      | Noticed a skeletal warrior
 10846 | D:8      | Killed Grum
 10984 | D:9      | Noticed a tengu warrior
 10997 | D:8      | Killed a skeletal warrior
 10998 | D:8      | Reached XP level 12. HP: 62/105 MP: 13/13
 11073 | D:8      | Killed a tengu warrior
 11342 | D:10     | Entered Level 10 of the Dungeon
 11345 | D:10     | Found a stormy altar of Qazlal.
 11431 | D:10     | Found a blossoming altar of Fedhas.
 11434 | D:10     | Found a staircase to the Orcish Mines.
 11442 | D:10     | Found an ornate altar of the Wu Jian Council.
 11745 | D:10     | Found a runed translucent door.
 11746 | D:10     | Noticed Azoth's ghost (journeyman FeSh)
 11898 | Orc:1    | Entered Level 1 of the Orcish Mines
 11939 | Orc:1    | Noticed a two-headed ogre
 11956 | D:10     | Killed a two-headed ogre
 11957 | D:10     | Reached skill level 17 in Shapeshifting
 11995 | Orc:1    | Paralysed by an orc sorcerer for 5 turns
 12002 | Orc:1    | Paralysed by an orc sorcerer for 2 turns
 12005 | Orc:1    | Reached *** piety under the Shining One
 12131 | Orc:2    | Entered Level 2 of the Orcish Mines
 12217 | Orc:2    | Noticed a two-headed ogre
 12218 | Orc:2    | Noticed a two-headed ogre
 12253 | D:10     | Killed a two-headed ogre
 12299 | D:10     | Killed a two-headed ogre
 12686 | Orc:2    | Found a staircase to the Elven Halls.
 12902 | Orc:2    | Noticed Jorgrun
 12916 | Orc:2    | Killed Jorgrun
 12917 | Orc:2    | Reached skill level 18 in Shapeshifting
 13197 | Orc:2    | Found Biuzxuy's Antique Armour Shop.
 13291 | Orc:2    | Found Dorphear's General Store.
 13479 | Orc:2    | Found Qudiwair's General Store.
 13629 | Orc:2    | Noticed an orc high priest
 13629 | Orc:2    | Reached **** piety under the Shining One
 13720 | Orc:1    | Reached skill level 5 in Unarmed Combat
 13865 | Orc:2    | Bought a potion of attraction for 33 gold pieces
 13867 | Orc:2    | Bought a potion of curing for 33 gold pieces
 14114 | Orc:2    | Reached XP level 13. HP: 93/110 MP: 14/14
 14127 | Orc:2    | Reached skill level 1 in Armour
 14309 | Orc:2    | HP: 10/201 [orc high priest/+2 heavy halberd (26)]
 14488 | Orc:2    | Paralysed by an orc sorcerer for 5 turns
 14510 | Orc:2    | Slain by a hellwing

Illustrated notes

Levels and vault maps discovered:
D:1:      heliophobic_arrival_battle_scene, layout_loops_ring,
          serial_park_tiny_1
D:2:      layout_loops_ring, minmay_increasing_density
D:3:      cheibrodos_greedy_goblins, layout_basic, lemuel_crystal_altar,
          grunt_dithmenos_smoke_and_mirrors, serial_shops,
          nicolae_shop_statue_plus, shop, shop, shop, uniq_robin, uniq_terence,
          uniq_pargi, uniq_sigmund
D:4:      layout_gridville, temple_statues, patterned_corridor, uniq_grinder,
          uniq_pikel
D:5:      layout_loops_corners, kennysheep_windowed_goal, uniq_eustachio,
          uniq_blork_the_orc, uniq_menkaure
D:6:      layout_basic, nicolae_elyvilon_temple_path, uniq_crazy_yiuf_cottage
D:7:      layout_basic, mainiacjoe_overflow_swirl, serial_shops, shop,
          uniq_prince_ribbit1
D:8:      layout_basic, dpeg_lair_monsters, grunt_potential, uniq_joseph,
          uniq_grum
D:9:      minmay_the_grid_octo_tiled_octocenter [minmay_the_grid_octo_horde,
          minmay_the_grid_octo_checkerflower, minmay_the_grid_octo_toaster,
          minmay_the_grid_octo_chip, minmay_the_grid_octo_prize_single_spiral,
          minmay_the_grid_square_5x5_z, minmay_the_grid_square_5x5_doubleslash,
          minmay_the_grid_square_5x5_moneybag,
          minmay_the_grid_square_5x5_spiral], layout_basic, enter_bailey_2,
          ebering_ghost_xom
D:10:     layout_rooms, grunt_temple_overflow_open, ebering_ghost_inner_flame
Temple:   minmay_temple_curvy_branch
Orc:1:    layout_caves
Orc:2:    pf_orc_diabolical, layout_caves, serial_shops, shop, uniq_jorgrun

Skill      XL: |  1  2  3  4  5  6  7  8  9 10 11 12 13 |
---------------+----------------------------------------+-----
Fighting       | 1 2 3 |  3.7
Dodging        | 2 3 |  3.9
Invocations    | 1 2 3 |  3.7
Throwing       | 1 2 3 |  3.9
Unarmed Combat | 4 5 |  5.4
Shapeshifting  | 4 5 8 11 13 16 18 | 18.5
Armour         | 1 |  1.8

Action                     |  1- 3 |  4- 6 |  7- 9 | 10-12 | 13-15 || total
---------------------------+-------+-------+-------+-------+-------++-------
  Melee: Unarmed           |    85 |   158 |   236 |   675 |    71 ||  1225
         Punch             |     3 |     5 |     6 |     3 |       ||    17
         Constrict         |       |       |       |   137 |    17 ||   154
  Throw: Dart              |       |       |    16 |       |       ||    16
 Invoke: Divine Shield     |       |       |     2 |     8 |     2 ||    12
Ability: Begin Untransform |       |     2 |       |     4 |       ||     6
  Evoke: Wand              |       |       |     3 |    10 |       ||    13
    Use: Potion            |       |     1 |       |     2 |     4 ||     7
         Scroll            |       |       |     2 |    20 |       ||    22
   Stab: Sleeping          |     1 |       |       |       |       ||     1
 Armour: Animal skin       |    58 |    91 |   136 |    55 |       ||   340
         Skin              |       |    19 |       |   481 |    85 ||   585
  Dodge: Dodged            |    48 |    81 |   116 |   627 |    31 ||   903
  Block: Other             |       |       |     1 |    13 |     7 ||    21
   Form: Flux              |       |     1 |       |     1 |       ||     2
         Beast             |       |     1 |       |       |       ||     1
         Serpent           |       |       |       |     3 |       ||     3

Table legend: (Time is in decaauts)
 A = Elapsed time spent in this place.
 B = Non-inter-level travel time spent in this place.
 C = Inter-level travel time spent in this place.
 D = Time resting spent in this place.
 E = Time spent auto-exploring this place.
 F = Levels seen in this place.
 G = Mean time per level.
                   A        B        C        D        E       F      G
               +--------+--------+--------+--------+--------+-----+--------+
         Total |  14472 |  13870 |    602 |   1980 |   7101 |  14 | 1033.7 |
       Dungeon |  11080 |  10551 |    529 |   1379 |   6234 |  10 | 1108.0 |
        Temple |    191 |    169 |     22 |      0 |      0 |   1 |  191.0 |
  Orcish Mines |   2509 |   2459 |     50 |    385 |    831 |   2 | 1254.5 |
        Bailey |    692 |    692 |      0 |    216 |     36 |   1 |  692.0 |
               +--------+--------+--------+--------+--------+-----+--------+

Top non-repeatable levels by time:
   Orc:2: 1828 daAuts
     D:6: 1595 daAuts
     D:8: 1508 daAuts
     D:7: 1324 daAuts
     D:3: 1235 daAuts
     D:5: 1141 daAuts
     D:9: 1117 daAuts
     D:2: 897 daAuts
     D:4: 850 daAuts
     D:1: 750 daAuts
  Bailey: 692 daAuts
   Orc:1: 680 daAuts
    D:10: 659 daAuts
  Temple: 191 daAuts
